AoeStats
← Hamstring Cramp

African Clearing

510476400Analyzed
4v4 RM · 2d ago on Oct 1, 2026· 34m 52s· 8 players
Game mode
Random Map
Map size
Large (8 player)
Population
200
Speed
Normal
Resources
Standard
Victory
Conquest
Starting age
Dark Age
Ending age
Imperial Age
RankedLock teamsTeams togetherTeam positionsShared explorationLock speedFull tech treeHidden civsTurbo modeCheats
Victory
Defeat
🇻🇳 Varangians · Vietnam
1529
+10
🇭🇰 Persians · Hong Kong SAR China
1439
+14
🇺🇸 Mongols · United States
1415
+15
🇨🇳 Armenians · China
1389
+15
🇹🇷 Koreans · Türkiye
1485
-18
🇨🇴 Mongols · Colombia
1398
-14
🇺🇸 Saracens · United States
1335
-11
🇮🇳 Huns · India
1331
-11
609170940
11:56 Loom
13:43 Feudal Age
18:10 Castle Age
27:00 Elite Skirmisher
34:29 Fletching
"Real Friendly" new player
6:02 Loom
12:47 Feudal Age
17:32 Castle Age
16:13 Stone Mining
19:50 Fletching
23:54 Bodkin Arrow
25:26 Ballistics
26:01 Horse Collar
26:21 Double-Bit Axe
29:57 Bow Saw
30:10 Padded Archer Armor
31:57 Leather Archer Armor
33:31 Husbandry
33:41 Bloodlines
34:35 Bloodlines
12:00 Feudal Age
11:45 Loom
15:37 Castle Age
16:30 Double-Bit Axe
28:38 Husbandry
31:44 Bloodlines
32:12 Scale Barding Armor
34:15 Forging
35:47 Wheelbarrow
Hakka
3:34 Loom
14:28 Feudal Age
14:38 Man-at-Arms
15:23 Long Swordsman
15:51 Town Watch
16:51 Forging
17:03 Scale Mail Armor
18:23 Arson
23:05 Castle Age
21:26 Double-Bit Axe
22:48 Gold Mining
24:32 Wheelbarrow
24:09 Bow Saw
23:49 Horse Collar
26:12 Fervor
26:24 Sanctity
27:07 Heavy Plow
29:03 Hand Cart
30:05 Fletching
37:06 Imperial Age
34:15 Two-Handed Swordsman
34:42 Gambesons
35:15 Squires
Hamstring Cramp
4:34 Loom
12:48 Feudal Age
13:27 Double-Bit Axe
16:12 Fletching
17:54 Padded Archer Armor
23:48 Castle Age
23:29 Wheelbarrow
24:34 Town Watch
25:37 Crossbowman
29:15 Bodkin Arrow
33:29 Ballistics
DanielP1lot
4:05 Loom
15:01 Feudal Age
18:50 Castle Age
20:08 Horse Collar
20:15 Double-Bit Axe
23:37 Fletching
24:30 Padded Archer Armor
25:55 Bodkin Arrow
26:59 Town Watch
28:01 Ballistics
28:24 Wheelbarrow
28:37 Leather Archer Armor
csknahmet27
3:06 Loom
13:30 Feudal Age
19:04 Castle Age
17:43 Double-Bit Axe
ayushdy2004
3:48 Loom
3:48 Loom
13:45 Feudal Age
14:40 Double-Bit Axe
17:06 Bloodlines
22:20 Castle Age
32:22 Fletching
Connection lost

Rejoining the realm…

Still unreachable

The connection could not be restored.

Session expired

The server has moved on; the page needs a fresh start.